AAA EAST
BUFFALO BISONS @ ALTOONA CURVE
07/17/2041
 
TOP OF THE 1ST
Buffalo Bisons batting - Pitching for Altoona Curve : LHP Duane Copeland
Pitching: LHP Duane Copeland
Batting: RHB Sergio Romero 0-0: Foul Ball, location: 2F
0-1: Foul Ball, location: 2F
0-2: Strikes out swinging
Batting: RHB Raúl Ramírez 0-0: Ball
1-0: SINGLE (Groundball, 34D, EV 96.3 MPH)
Batting: SHB Eustachio Tucci 0-0: Ball
1-0: Called Strike
1-1: 2-RUN HOME RUN (Flyball, 7D, EV 96.3 MPH), Distance : 365 ft
Batting: RHB Jorge Gutiérrez 0-0: Ball
1-0: Foul Ball, location: 9LSF
1-1: SINGLE (Groundball, 6MD, EV 106.9 MPH)
Batting: LHB Mike Deal 0-0: Foul Ball, location: 5SF
0-1: Foul Ball, location: 5FF
0-2: Ball
1-2: Ball
2-2: Ball
3-2: Fly out, F9 (Flyball, 9LS, EV 87.5 MPH)
Batting: RHB Jeff Jones 0-0: SINGLE (Groundball, 6MD, EV 103.8 MPH)
Jorge Gutiérrez to second
Runner from 2nd tries for 3rd, SAFE after rundown.
Batting: RHB Raúl Peña 0-0: Ball
Passed Ball!
Jorge Gutiérrez scores
Jeff Jones to second
1-0: Called Strike
1-1: Swinging Strike
1-2: Foul Ball, location: 5F
1-2: Ball
2-2: SINGLE (Groundball, 4MD, EV 110.0 MPH)
Jeff Jones to third
Runner from 3rd tries for Home, SAFE, throw by CF to home
Raúl Peña to second
Batting: RHB Hisashi Taniguchi 0-0: Ball
1-0: Fly out, F5 (Popup, 56S, EV 63.8 MPH)
Top of the 1st over - 4 runs, 5 hits, 0 errors, 1 left on base; Buffalo 4 - Altoona 0
BOTTOM OF THE 1ST
Altoona Curve batting - Pitching for Buffalo Bisons : RHP Ben Skinner
Pitching: RHP Ben Skinner
Batting: SHB Ernesto Ramírez 0-0: Ball
1-0: DOUBLE (Line Drive, 8LD, EV 109.4 MPH)
Batting: RHB Augusto Padilla 0-0: Called Strike
Ernesto Ramírez steals 3rd base
0-1: Ball
1-1: SINGLE (Line Drive, 89S, EV 99.4 MPH)
Ernesto Ramírez scores
Batting: SHB Bob Reville 0-0: Ball
1-0: Ball
2-0: Called Strike
2-1: Foul Ball, location: 7LSF
2-2: Ball
3-2: Strikes out swinging
Batting: LHB Juan Luis Guevara 0-0: Called Strike
0-1: Called Strike
0-2: Foul Ball, location: 3F
0-2: Foul Ball, location: 3DF
0-2: Ball
1-2: Foul Ball, location: 23F
1-2: Ball
2-2: Foul Ball, location: 7LSF
2-2: Fly out, F9 (Flyball, 89D, EV 103.8 MPH)
Batting: SHB Dave Brooks 0-0: Ball
1-0: Called Strike
1-1: Swinging Strike
1-2: Fly out, F7 (Flyball, 78M, EV 93.8 MPH)
Bottom of the 1st over - 1 run, 2 hits, 0 errors, 1 left on base; Buffalo 4 - Altoona 1
TOP OF THE 2ND
Buffalo Bisons batting - Pitching for Altoona Curve : LHP Duane Copeland
Batting: RHB Charlie Wall 0-0: Called Strike
0-1: Ball
1-1: Called Strike
1-2: Ball
2-2: Strikes out swinging
Batting: RHB Sergio Romero 0-0: Fly out, F8 (Flyball, 78M, EV 81.9 MPH)
Batting: RHB Raúl Ramírez 0-0: Called Strike
0-1: Called Strike
0-2: Foul Ball, location: 9LDF
0-2: Ball
1-2: Foul Ball, location: 9LDF
1-2: Ball
2-2: Foul Ball, location: 2RF
2-2: Foul Ball, location: 9LSFF
2-2: Foul Ball, location: 3F
2-2: Ball
3-2: DOUBLE (Line Drive, 5D, EV 98.1 MPH)
Batting: SHB Eustachio Tucci 0-0: Called Strike
0-1: Called Strike
0-2: Ball
1-2: Ball
2-2: Foul Ball, location: 3DF
2-2: Fly out, F8 (Flyball, 8LM, EV 97.5 MPH)
Top of the 2nd over - 0 runs, 1 hit, 0 errors, 1 left on base; Buffalo 4 - Altoona 1
BOTTOM OF THE 2ND
Altoona Curve batting - Pitching for Buffalo Bisons : RHP Ben Skinner
Batting: RHB Tomás Alvarado 0-0: Ball
1-0: Called Strike
1-1: Foul Ball, location: 9LMF
1-2: Foul Ball, location: 2F
1-2: Ground out 6-3 (Groundball, 6, EV 107.5 MPH)
Batting: LHB Albert Hernández 0-0: Ball
1-0: Ball
2-0: Ground out 4-3 (Groundball, 4, EV 86.3 MPH)
Batting: RHB Josh Thompson 0-0: Called Strike
0-1: Foul Ball, location: 9LDF
0-2: Foul Ball, location: 7LSF
0-2: Ball
1-2: Ball
2-2: Strikes out swinging
Bottom of the 2nd over - 0 runs, 0 hits, 0 errors, 0 left on base; Buffalo 4 - Altoona 1
TOP OF THE 3RD
Buffalo Bisons batting - Pitching for Altoona Curve : LHP Duane Copeland
Batting: RHB Jorge Gutiérrez 0-0: Ball
1-0: Foul Ball, location: 7LMF
1-1: Ball
2-1: Fly out, F8 (Flyball, 8LS, EV 82.5 MPH)
Batting: LHB Mike Deal 0-0: Ball
1-0: Fly out, F9 (Flyball, 89S, EV 90.6 MPH)
Batting: RHB Jeff Jones 0-0: Called Strike
0-1: Ground out 6-3 (Groundball, 6, EV 92.5 MPH)
Top of the 3rd over - 0 runs, 0 hits, 0 errors, 0 left on base; Buffalo 4 - Altoona 1
BOTTOM OF THE 3RD
Altoona Curve batting - Pitching for Buffalo Bisons : RHP Ben Skinner
Batting: RHB Jim Unknown 0-0: Swinging Strike
0-1: Foul Ball, location: 2F
0-2: Ball
1-2: Foul Ball, location: 9LDF
1-2: Strikes out swinging
Batting: SHB Ernesto Ramírez 0-0: Called Strike
0-1: Ground out 4-3 (Groundball, 4, EV 93.1 MPH)
Batting: RHB Augusto Padilla 0-0: Ball
1-0: Ball
2-0: Ball
3-0: Base on Balls
Batting: SHB Bob Reville 0-0: Fly out, F7 (Line Drive, 78M, EV 90.6 MPH)
Bottom of the 3rd over - 0 runs, 0 hits, 0 errors, 1 left on base; Buffalo 4 - Altoona 1
TOP OF THE 4TH
Buffalo Bisons batting - Pitching for Altoona Curve : LHP Duane Copeland
Batting: RHB Raúl Peña 0-0: Fly out, F8 (Flyball, 89M, EV 92.5 MPH)
Batting: RHB Hisashi Taniguchi 0-0: Ball
1-0: Ball
2-0: Ground out 6-3 (Groundball, 56, EV 84.4 MPH)
Batting: RHB Charlie Wall 0-0: Called Strike
0-1: Foul Ball, location: 9LSF
0-2: Ball
1-2: Ball
2-2: Foul Ball, location: 5F
2-2: Foul Ball, location: 7LSF
2-2: Foul Ball, location: 2F
2-2: Ball
3-2: Ground out 4-3 (Groundball, 34, EV 107.5 MPH)
Top of the 4th over - 0 runs, 0 hits, 0 errors, 0 left on base; Buffalo 4 - Altoona 1
BOTTOM OF THE 4TH
Altoona Curve batting - Pitching for Buffalo Bisons : RHP Ben Skinner
Batting: LHB Juan Luis Guevara 0-0: Foul Ball, location: 2F
0-1: Ball
1-1: Called Strike
1-2: Ball
2-2: Strikes out swinging
Batting: SHB Dave Brooks 0-0: Called Strike
0-1: Ball
1-1: Swinging Strike
1-2: Strikes out looking
Batting: RHB Tomás Alvarado 0-0: Ball
1-0: Ball
2-0: SINGLE (Line Drive, 4MD, EV 98.1 MPH)
Batting: LHB Albert Hernández 0-0: Swinging Strike
0-1: Ball
1-1: Swinging Strike
1-2: Strikes out swinging
Bottom of the 4th over - 0 runs, 1 hit, 0 errors, 1 left on base; Buffalo 4 - Altoona 1
TOP OF THE 5TH
Buffalo Bisons batting - Pitching for Altoona Curve : LHP Duane Copeland
Batting: RHB Sergio Romero 0-0: Ball
1-0: Ball
2-0: Called Strike
2-1: Ball
3-1: Foul Ball, location: 5FF
3-2: Base on Balls
Batting: RHB Raúl Ramírez 0-0: Called Strike
0-1: Sac Bunt to 2L - play at first, batter OUT! 2-3
Sergio Romero to second
Batting: SHB Eustachio Tucci 0-0: Swinging Strike
0-1: SINGLE (Groundball, 6, EV 85.6 MPH)
Sergio Romero to third
Batting: RHB Jorge Gutiérrez 0-0: Ball
1-0: Foul Ball, location: 5FF
1-1: Ball
2-1: Foul Ball, location: 2F
2-2: Ball
3-2: Foul Ball, location: 2F
3-2: Foul Ball, location: 2F
3-2: Foul Ball, location: 25FF
3-2: Base on Balls
Eustachio Tucci to second
Batting: LHB Mike Deal 0-0: Called Strike
0-1: Foul Ball, location: 3DF
0-2: Foul Ball, location: 5F
0-2: Hit by Pitch
Sergio Romero scores
Eustachio Tucci to third
Jorge Gutiérrez to second
Batting: RHB Jeff Jones 0-0: Ball
1-0: Foul Ball, location: 2F
1-1: Ball
2-1: Ball
3-1: SINGLE (Groundball, 3S, EV 71.3 MPH) (infield hit)
Eustachio Tucci scores
Jorge Gutiérrez to third
Mike Deal to second
Pitching: RHP Claude Tolbert
Batting: RHB Raúl Peña 0-0: Ball
1-0: Ball
2-0: Ball
3-0: Called Strike
3-1: Foul Ball, location: 25F
3-2: Base on Balls
Jorge Gutiérrez scores
Mike Deal to third
Jeff Jones to second
Batting: RHB Hisashi Taniguchi 0-0: Ball
1-0: Swinging Strike
1-1: Grounds into double play, 6-4-3 (Groundball, 6, EV 86.9 MPH)
Top of the 5th over - 3 runs, 2 hits, 0 errors, 2 left on base; Buffalo 7 - Altoona 1
BOTTOM OF THE 5TH
Altoona Curve batting - Pitching for Buffalo Bisons : RHP Ben Skinner
Batting: RHB Josh Thompson 0-0: Foul Ball, location: 9LMF
0-1: Swinging Strike
0-2: Ball
1-2: Strikes out swinging
Batting: RHB Jim Unknown 0-0: Ball
1-0: Ground out 6-3 (Groundball, P, EV 106.3 MPH)
Batting: SHB Ernesto Ramírez 0-0: Foul Ball, location: 7LDF
0-1: Ball
1-1: Foul Ball, location: 5FF
1-2: Foul Ball, location: 5FF
1-2: Ball
2-2: Ball
3-2: Foul Ball, location: 25FF
3-2: Foul Ball, location: 2F
3-2: TRIPLE (Flyball, 78XD, EV 98.1 MPH)
Batting: RHB Augusto Padilla 0-0: Ball
1-0: Foul Ball, location: 5DF
1-1: Ball
2-1: Fly out, F4 (Line Drive, 4, EV 96.9 MPH)
Bottom of the 5th over - 0 runs, 1 hit, 0 errors, 1 left on base; Buffalo 7 - Altoona 1
TOP OF THE 6TH
Buffalo Bisons batting - Pitching for Altoona Curve : RHP Claude Tolbert
Batting: RHB Charlie Wall 0-0: Ball
1-0: Ball
2-0: Called Strike
2-1: Called Strike
2-2: Foul Ball, location: 3FF
2-2: Foul Ball, location: 25F
2-2: Strikes out swinging
Batting: RHB Sergio Romero 0-0: Ball
1-0: Ground out 4-3 (Groundball, 4, EV 96.9 MPH)
Batting: RHB Raúl Ramírez 0-0: Fly out, F8 (Flyball, 8LD, EV 110.0 MPH)
Top of the 6th over - 0 runs, 0 hits, 0 errors, 0 left on base; Buffalo 7 - Altoona 1
BOTTOM OF THE 6TH
Altoona Curve batting - Pitching for Buffalo Bisons : RHP Ben Skinner
Batting: SHB Bob Reville 0-0: Ground out 4-3 (Groundball, 4, EV 105.6 MPH)
Batting: LHB Juan Luis Guevara 0-0: Ground out 6-3 (Groundball, 6, EV 102.5 MPH)
Batting: SHB Dave Brooks 0-0: Ball
1-0: Ball
2-0: Fly out, F9 (Flyball, 9D, EV 92.5 MPH)
Bottom of the 6th over - 0 runs, 0 hits, 0 errors, 0 left on base; Buffalo 7 - Altoona 1
TOP OF THE 7TH
Buffalo Bisons batting - Pitching for Altoona Curve : RHP Claude Tolbert
Batting: SHB Eustachio Tucci 0-0: Ground out 1-3 (Groundball, 34S, EV 66.3 MPH)
Batting: RHB Jorge Gutiérrez 0-0: Ball
1-0: Swinging Strike
1-1: Ball
2-1: Ball
3-1: Fly out, F8 (Flyball, 8LS, EV 77.5 MPH)
Batting: LHB Mike Deal 0-0: Ball
1-0: Ball
2-0: Called Strike
2-1: Foul Ball, location: 2F
2-2: Fly out, F7 (Flyball, 7S, EV 86.9 MPH)
Top of the 7th over - 0 runs, 0 hits, 0 errors, 0 left on base; Buffalo 7 - Altoona 1
BOTTOM OF THE 7TH
Altoona Curve batting - Pitching for Buffalo Bisons : RHP Ben Skinner
Batting: RHB Tomás Alvarado 0-0: Ball
1-0: Ball
2-0: Called Strike
2-1: Foul Ball, location: 7LSF
2-2: SINGLE (Groundball, 56D, EV 95.6 MPH)
Batting: LHB Albert Hernández 0-0: Ball
1-0: Called Strike
1-1: Fly out, F9 (Flyball, 89S, EV 96.9 MPH)
Pitching: LHP Don Della Vedova
Batting: RHB Josh Thompson 0-0: Ball
1-0: Called Strike
1-1: Ball
2-1: Foul Ball, location: 9LDF
2-2: SINGLE (Groundball, 6M, EV 83.8 MPH) (infield hit)
Tomás Alvarado to second
Batting: RHB Jim Unknown 0-0: Ball
1-0: Ball
2-0: Swinging Strike
2-1: Foul Ball, location: 2LF
2-2: Foul Ball, location: 5F
2-2: Strikes out looking
Batting: SHB Ernesto Ramírez 0-0: Ball
1-0: Ground out 6-3 (Groundball, 6M, EV 101.3 MPH)
Bottom of the 7th over - 0 runs, 2 hits, 0 errors, 2 left on base; Buffalo 7 - Altoona 1
TOP OF THE 8TH
Buffalo Bisons batting - Pitching for Altoona Curve : RHP Claude Tolbert
Batting: RHB Jeff Jones 0-0: Ball
1-0: Called Strike
1-1: Foul Ball, location: 7LSF
1-2: Foul Ball, location: 5F
1-2: Ground out 5-3 (Groundball, 56S, EV 89.4 MPH)
Batting: RHB Raúl Peña 0-0: Ball
1-0: Ball
2-0: Ball
3-0: Called Strike
3-1: SINGLE (Groundball, 6MD, EV 107.5 MPH)
Batting: RHB Hisashi Taniguchi 0-0: Swinging Strike
0-1: Ball
1-1: Foul Ball, location: 25FF
1-2: Strikes out swinging
Batting: RHB José Gutiérrez 0-0: Fly out, F9 (Flyball, 89M, EV 101.9 MPH)
Top of the 8th over - 0 runs, 1 hit, 0 errors, 1 left on base; Buffalo 7 - Altoona 1
BOTTOM OF THE 8TH
Altoona Curve batting - Pitching for Buffalo Bisons : LHP Don Della Vedova
Batting: RHB Augusto Padilla 0-0: Fly out, F7 (Flyball, 7, EV 87.5 MPH)
Batting: SHB Bob Reville 0-0: Foul Ball, location: 9LDF
0-1: Swinging Strike
0-2: Ball
1-2: SINGLE (Line Drive, 8LS, EV 91.9 MPH)
Pinch Hitting: RHB Bob Crousse 0-0: Called Strike
0-1: Fly out, F7 (Flyball, 78S, EV 92.5 MPH)
Batting: SHB Dave Brooks 0-0: Ball
1-0: Ball
2-0: Called Strike
2-1: Fly out, F5 (Popup, 25, EV 90.6 MPH)
Bottom of the 8th over - 0 runs, 1 hit, 0 errors, 1 left on base; Buffalo 7 - Altoona 1
TOP OF THE 9TH
Buffalo Bisons batting - Pitching for Altoona Curve : RHP Claude Tolbert
Now at 1B: Bob Crousse
Batting: RHB Sergio Romero 0-0: Ball
1-0: Foul Ball, location: 7LDF
1-1: Fly out, F3 (Popup, 34, EV 65.0 MPH)
Batting: RHB Raúl Ramírez 0-0: Called Strike
0-1: Ball
1-1: Ground out 6-3 (Groundball, 6, EV 110.0 MPH)
Batting: SHB Eustachio Tucci 0-0: Foul Ball, location: 3SF
0-1: Swinging Strike
0-2: Strikes out looking
Top of the 9th over - 0 runs, 0 hits, 0 errors, 0 left on base; Buffalo 7 - Altoona 1
BOTTOM OF THE 9TH
Altoona Curve batting - Pitching for Buffalo Bisons : LHP Don Della Vedova
Batting: RHB Tomás Alvarado 0-0: Ball
1-0: Ball
2-0: Called Strike
2-1: TRIPLE (Flyball, 78XD, EV 85.6 MPH)
Pinch Hitting: RHB Bob Ellison 0-0: Ball
1-0: Foul Ball, location: 3FF
1-1: Ball
2-1: Fly out, F8 (Flyball, 8LD, EV 89.4 MPH)
Runner from 3rd tags up, SCORES, no throw by CF
Batting: RHB Josh Thompson 0-0: Swinging Strike
0-1: Fly out, F2 (Popup, 3SF, EV 89.4 MPH)
Batting: RHB Jim Unknown 0-0: Called Strike
0-1: Ball
1-1: Foul Ball, location: 9LMF
1-2: Strikes out swinging, 2-3 out at first.
Bottom of the 9th over - 1 run, 1 hit, 0 errors, 0 left on base; Buffalo 7 - Altoona 2
Monday, April 1st , 2024 - OOTP Baseball 24.10 Build 82